 Dungeon Crawl Stone Soup version 0.24.1-8-ga250c9d538 (webtiles) character file.

Game seed: 17258131027709953872, levelgen mode: deterministic

13 Atelerd the Magician (level 2, 0/18 HPs)
             Began as an Octopode Wizard on May 2, 2020.
             Slain by a goblin
             ... wielding a +1 dagger of venom
              (5 damage)
             ... on level 1 of the Dungeon.
             The game lasted 00:02:30 (620 turns).

Atelerd the Magician (Octopode Wizard)               Turns: 620, Time: 00:02:30

Health: 0/18       AC:  1    Str:  6    XL:     2   Next: 37%
Magic:  1/6        EV: 13    Int: 20    God:
Gold:   52         SH:  0    Dex: 10    Spells: 6/7 levels left

rFire    . . .     SeeInvis .   e - +0 dagger
rCold    . . .     Gourm    .   (no shield)
rNeg     . . .     Faith    .   a - +0 hat
rPois    .         Spirit   .   (no amulet)
rElec    .         Reflect  .   d - ring of protection from magic
rCorr    .         Harm     .   (no ring)
MR       +....                  (no ring)
Stlth    +++.......             (no ring)
HPRegen  0.06/turn              (no ring)
MPRegen  0.10/turn              (no ring)
                                (no ring)
                                (no ring)

@: no status effects
A: almost no armour, stealthy swim, amphibious, 8 rings, constrict 8, camouflage
1, gelatinous body 1
a: no special abilities


You were on level 1 of the Dungeon.
You were not hungry.

You visited 1 branch of the dungeon, and saw 1 of its levels.

You collected 52 gold pieces.

Inventory:

Hand Weapons
 e - a +0 dagger (weapon)
Armour
 a - a +0 hat (worn)
Jewellery
 d - a ring of protection from magic (left tentacle)
Scrolls
 b - a scroll of blinking {unknown}
Comestibles
 c - 3 rations


   Skills:
 + Level 0.4 Fighting
 + Level 2.1 Dodging
 + Level 3.1 Stealth
 + Level 3.1 Spellcasting
 * Level 1.5 Conjurations
   Level 1.0 Summonings
   Level 1.0 Translocations


You had 6 spell levels left.
You knew the following spells:

 Your Spells              Type           Power        Failure   Level  Hunger
a - Magic Dart            Conj           #...         8%          1    None

Your spell library contained the following spells:

 Spells                   Type           Power        Failure   Level  Hunger
 Blink                    Tloc           N/A          14%         2    ##.....
 Call Imp                 Summ           #.......     14%         2    ##.....
 Slow                     Hex            #.......     22%         2    ##.....
 Conjure Flame            Conj/Fire      #.......     30%         3    ###....
 Mephitic Cloud           Conj/Pois/Air  #.......     34%         3    ###....


Dungeon Overview and Level Annotations

Branches:
Dungeon (1/15)

Altars:


Innate Abilities, Weirdness & Mutations

You cannot wear most types of armour.
You are very stealthy in the water. (Stealth+)
You are amphibious.
You can wear up to eight rings at the same time.
You can use your tentacles to constrict eight enemies at once.
Your skin changes colour to match your surroundings (Stealth+).
Your rubbery body absorbs attacks. (AC +1, EV +1)


Message History

The bat is moderately wounded.
The bat hits you but does no damage. The hobgoblin barely misses you.
The bat misses you. The bat barely misses you. The bat barely misses you.
Found a stone staircase leading down.
The bat barely misses you. The bat closely misses you.
The bat barely misses you. The bat hits you but does no damage.
Found a glowing grey potion.
A ball python comes into view.
The bat closely misses you.
Found a stone staircase leading down.
The bat misses you.
You hit the goblin. Your grab misses the goblin.
The goblin is moderately wounded.
The goblin closely misses you. The bat closely misses you.
The hobgoblin barely misses you. The bat barely misses you.
The goblin hits you with a +1 dagger of venom.
You die...

#..S...# #......#
......# .....# ...>
.. #..########
..$.##### #..#.......
...!....###.g........
..# #.....g@.......
...#.....#....!...
#K#.....#.b......
#.......#........
###.....##..>.... ##
#.....# #...... #.
..# #.....# #.#...
..##.###.....###
.#...
#.##.#...###...##..#


You could see a hobgoblin, a goblin and a bat.

Vanquished Creatures
  A dart slug (D:1)
  A bat (D:1)
  3 goblins (D:1)
  A hobgoblin (D:1)
  2 kobolds (D:1)
  2 frilled lizards (D:1)
  A rat (D:1)
11 creatures vanquished.

Notes
Turn   | Place    | Note
-------+----------+-------------------------------------------
     0 | D:1      | Atelerd the Octopode Wizard began the quest for the Orb.
     0 | D:1      | Reached XP level 1. HP: 11/11 MP: 4/4
   163 | D:1      | Reached XP level 2. HP: 17/17 MP: 0/6
   620 | D:1      | Slain by a goblin

Levels and vault maps discovered:
D:1:      co_arrival_square_in_a_square_in_a_square, layout_rooms

Skill      XL: |  1 |
---------------+----+-----
Stealth        | 3 |  3.1
Fighting       | |  0.4
Dodging        | |  2.1
Spellcasting   | |  3.1
Conjurations   | |  1.5
Summonings     | |  1.0
Translocations | |  1.0

Action                   || total
-------------------------++-------
Melee: Dagger            ||     9
       Constrict         ||     2
       Tentacles         ||     2
 Cast: Magic Dart        ||    24
Armor: Skin              ||     4
Dodge: Dodged            ||    28
